 Dungeon Crawl Stone Soup version 0.19.1 (webtiles) character file.

186 Ladykiller69 the Sneak (level 5, 0/36 HPs)
             Began as a High Elf Assassin on Dec 10, 2016.
             Killed by divine providence
             ... invoked by an orc priest
              (11 damage)
             ... on level 3 of the Dungeon.
             The game lasted 00:07:06 (2801 turns).

Ladykiller69 the Sneak (High Elf Assassin)          Turns: 2801, Time: 00:07:07

Health: 0/36       AC:  4    Str: 10    XL:     5   Next: 38%
Magic:  6/6        EV: 13    Int: 15    God:
Gold:   127        SH:  0    Dex: 17    Spells: 0 memorised, 4 levels left

rFire  . . .     SeeInvis .     a - +2 dagger
rCold  . . .     Gourm    .     y - +0 leather armour
rNeg   . . .     Faith    .     (no shield)
rPois  .         Spirit   .     (no helmet)
rElec  .         Reflect  .     d - +0 cloak
rCorr  .         Harm     .     (no gloves)
MR     .....                    (no boots)
Stlth  +++.......               (no amulet)
                                (no ring)
                                (no ring)

@: no status effects
A: no striking features
a: no special abilities


You were on level 3 of the Dungeon.
You were hungry.

You visited 1 branch of the dungeon, and saw 3 of its levels.

You collected 127 gold pieces.

Inventory:

Hand Weapons
 a - a +2 dagger (weapon)
 b - a +0 blowgun
Missiles
 e - 45 poisoned needles
 f - 2 curare-tipped needles
 h - 134 stones (quivered)
 m - 4 needles of sleeping
Armour
 c - a +0 robe
 d - a +0 cloak (worn)
 y - a +0 leather armour (worn)
 C - a +0 cloak
Jewellery
 k - a +2 ring of intelligence {unknown}
 t - a +6 amulet of reflection {unknown}
 u - an uncursed ring of resist corrosion {unknown}
Scrolls
 j - 4 scrolls of identify {unknown}
 l - 2 scrolls of teleportation {unknown}
 o - a scroll of blinking {unknown}
 p - a scroll of amnesia {unknown}
 q - a scroll of magic mapping {unknown}
 r - a scroll of remove curse {unknown}
 A - a scroll of recharging {unknown}
 F - a scroll of random uselessness {unknown}
Potions
 i - a potion of resistance {unknown}
 s - 6 potions of curing {unknown}
 v - a potion of cancellation {unknown}
 w - a potion of lignification {unknown}
 z - a potion of heal wounds {unknown}
 B - a potion of might {unknown}
 E - 2 potions of agility {unknown}
Comestibles
 g - 3 bread rations
 n - a slice of pizza
 D - a meat ration


   Skills:
 + Level 3.0 Fighting
 * Level 4.1 Short Blades
 + Level 2.9 Throwing
 + Level 2.8 Dodging
 + Level 5.0 Stealth


You had 4 spell levels left.
You didn't know any spells.

Dungeon Overview and Level Annotations

Branches:
Dungeon (3/15)

Altars:
Sif Muna
Vehumet
Zin

Annotations:
D:3 Natasha


Message History

The orc priest looks satisfied for a moment.
The orc priest shouts!
The orc priest begins to cast a cantrip, but forgets the words!
The orc priest shouts!
You hear a shout!
An orc comes into view.
An orc comes into view. It is wielding a dagger.
The orc priest closely misses you.
The orc priest looks satisfied for a moment.
The orc priest calls down the wrath of Beogh upon you.
Beogh smites you!
The orc priest invokes the aid of Beogh against you.
You struggle to resist.
The orc priest miscasts a cantrip.
The orc priest mumbles some strange prayers to Beogh against you.
Beogh smites you!
* * * LOW HITPOINT WARNING * * *
The orc priest miscasts a cantrip.
The orc priest calls down the wrath of Beogh upon you.
Beogh smites you!
You die...

# #.o#######.# ##o#
#.# #.# #.# #o# #o#
... #o# #.# #.. #.#
#.# #.o #.#
#.####### o.
#.#######.......#
#.##oo....@......#.#
#..#############.#.#
#..# #...o...[..#
#.## #.######.###
#..#####.# #.#
##.o...#.######.#
#.>...o........#
##....##..######
#..........#


You could see an orc priest and an orc.

Vanquished Creatures
  Crazy Yiuf (D:2)
  Natasha (twice) (D:3)
  3 adders (D:2)
  3 gnolls (D:2)
  2 oozes (D:1)
  A leopard gecko (D:1)
  4 bats
  2 giant cockroaches
  4 goblins
  7 hobgoblins
  A jackal (D:1)
  6 kobolds
  4 frilled lizards
  6 rats
46 creatures vanquished.

Notes
Turn   | Place    | Note
-------+----------+-------------------------------------------
     0 | D:1      | Ladykiller69 the High Elf Assassin began the quest for the Orb.
     0 | D:1      | Reached XP level 1. HP: 14/14 MP: 2/2
   171 | D:1      | Reached XP level 2. HP: 19/19 MP: 3/3
   455 | D:1      | Reached XP level 3. HP: 22/25 MP: 4/4
  1216 | D:2      | Reached XP level 4. HP: 23/30 MP: 5/5
  1701 | D:2      | Found a runed door.
  1787 | D:2      | Noticed Crazy Yiuf
  1791 | D:2      | Killed Crazy Yiuf
  1904 | D:2      | Found a glowing silver altar of Zin.
  1963 | D:2      | Found a deep blue altar of Sif Muna.
  2319 | D:3      | Noticed Natasha
  2321 | D:3      | Killed Natasha
  2321 | D:3      | Reached XP level 5. HP: 36/36 MP: 6/6
  2332 | D:3      | Noticed Natasha
  2351 | D:3      | Killed Natasha
  2351 | D:3      | Reached skill level 5 in Stealth
  2701 | D:3      | Noticed Natasha
  2737 | D:3      | Found a radiant altar of Vehumet.
  2801 | D:3      | Killed from afar by an orc priest

Skill      XL: |  1  2  3  4  5 |
---------------+----------------+-----
Short Blades   | 3 4 |  4.1
Dodging        | 2 |  2.8
Fighting       | 3 |  3.0
Stealth        | 5 |  5.0
Throwing       | |  2.9

Action                   |  1- 3 |  4- 6 || total
-------------------------+-------+-------++-------
Melee: Dagger            |    75 |    51 ||   126
 Fire: Blowgun           |       |     3 ||     3
 Stab: Sleeping          |    12 |     8 ||    20
       Distracted        |       |     1 ||     1
  Eat: Chunk             |     1 |     4 ||     5
Armor: Robe              |     8 |       ||     8
       Leather armour    |     1 |     6 ||     7
Dodge: Dodged            |    28 |    19 ||    47
